 Dungeon Crawl Stone Soup version 0.16.1-16-gc44b35d (webtiles) character file.

1295 KarvaRausku the Cleaver (level 8, -5/58 HPs)
             Began as a Human Fighter on Apr 15, 2015.
             Killed by nerve-wracking pain
             ... invoked by an orc priest
              (11 damage)
             ... on level 5 of the Dungeon.
             The game lasted 00:13:05 (5865 turns).

KarvaRausku the Cleaver (Human Fighter)             Turns: 5865, Time: 00:13:06

Health: -5/58      AC: 10    Str: 18    XL:     8   Next: 86%
Magic:  8/8        EV:  6    Int: 10    God:
Gold:   290        SH:  9    Dex: 12    Spells: 0 memorised, 7 levels left

rFire  + . .     SeeInvis .     n - +0 war axe (curse)
rCold  . . .     Clarity  .     s - +0 chain mail
rNeg   . . .     SustAb   .     c - +0 shield
rPois  +         Gourm    .     (no helmet)
rElec  .         Spirit   .     (no cloak)
rCorr  .         Warding  .     (no gloves)
rMut   .         Stasis   .     r - +0 pair of boots
MR     .....                    (no amulet)
Stlth  ..........               x - +2 ring of evasion
                                q - ring of protection from fire

@: not resistant to hostile enchantments, extremely unstealthy
A: poison resistance
a: no special abilities


You were on level 5 of the Dungeon.
You were hungry.

You visited 1 branch of the dungeon, and saw 5 of its levels.

You collected 290 gold pieces.

Inventory:

Hand weapons
 a - a +0 war axe
 n - a cursed +0 war axe (weapon)
Armour
 b - a +0 scale mail
 c - a +0 shield (worn)
 r - a +0 pair of boots (worn)
 s - a +0 chain mail (worn)
 D - a +1 leather armour of fire resistance
Jewellery
 h - an uncursed ring of wizardry
 q - a ring of protection from fire (left hand)
 x - a +2 ring of evasion (right hand)
Magical devices
 o - a wand of confusion (17)
 y - a wand of confusion (25)
Scrolls
 f - 2 scrolls of recharging {unknown}
 g - 2 scrolls of blinking {unknown}
 i - 6 scrolls of identify {unknown}
 m - a scroll of magic mapping
 p - a scroll of fog {unknown}
 t - 2 scrolls of noise {unknown}
 u - 2 scrolls of teleportation
 v - 3 scrolls of random uselessness {unknown}
 w - 2 scrolls of amnesia {unknown}
Potions
 e - a potion of degeneration {unknown}
 k - a potion of poison
 B - a potion of restore abilities {unknown}
Comestibles
 d - 6 bread rations
 j - 3 meat rations
 l - 4 fruits
 C - a beef jerky


   Skills:
 - Level 3.0 Fighting
 + Level 10.2 Axes
 - Level 3.0 Armour
 - Level 3.0 Shields


You had 7 spell levels left.
You didn't know any spells.

Dungeon Overview and Level Annotations

Branches:
Dungeon (5/15)
 Temple: D:4-7

Altars:
Dithmenos
Elyvilon
Ru
Xom

Annotations:
D:4 KarvaRausku's ghost, average HuFi


Innate Abilities, Weirdness & Mutations

Your system is resistant to poisons.


Message History

You hit the ogre.
The ogre is severely wounded.
You block the ogre's attack.
You hit the ogre but do no damage.
The ogre is severely wounded.
You hit the ogre but do no damage.
The ogre is severely wounded.
The ogre hits you with a giant club!
* * * LOW HITPOINT WARNING * * *
Drink which item? (? for menu, Esc to quit)
It was a potion of beneficial mutation.
You feel resistant to poisons.
You feel fantastic! The ogre hits you with a giant club.
* * * LOW HITPOINT WARNING * * *
The crimson imp shouts!
The crimson imp hits you.
* * * LOW HITPOINT WARNING * * *
The orc priest mumbles some strange prayers to Beogh against you.
Pain shoots through your body!
You die...

..# ######...##.....
..################...............
........>..................#.....
...(.....###..#............#.....
.........# ##.#............#.....
.........# #..............#.....
.........# ##.........(.#.#.....
.........# #.5.........#.#.##..
.........#####O.@........#.#.##..
............o....................
..........###........##.####.##..
#.........# #........##.# #.##..
#.........# #........##.####.....
#....########...................#
#..........o.........##.#########
#..................####.# #
#..................####.#########


You could see an ogre, an orc priest and a crimson imp.

Vanquished Creatures
  A sky beast (D:4)
  2 ogres
  An ice beast (D:5)
  A phantom (D:5)
  Blork the orc (D:5)
  A giant frog (D:5)
  2 scorpions (D:4)
  A centaur zombie (D:5)
  A jelly (D:5)
  A gnoll shaman (D:5)
  2 hounds (D:5)
  A centaur skeleton (D:5)
  A giant frog zombie (D:3)
  An orc priest (D:5)
  An iguana (D:4)
  An orc wizard (D:4)
  4 worker ants
  6 gnolls
  9 adders
  A worm (D:4)
  An adder skeleton (D:5)
  An ooze (D:2)
  15 orcs
  A bat skeleton (D:4)
  2 giant cockroaches
  8 hobgoblins
  8 jackals
  6 kobolds
  3 quokkas (D:4)
  2 ball pythons (D:3)
  6 bats
  3 giant geckos
  3 giant newts
  5 goblins (D:3)
  2 jackal skeletons
  A jackal zombie (D:5)
  10 rats
116 creatures vanquished.

Notes
Turn   | Place    | Note
--------------------------------------------------------------
     0 | D:1      | KarvaRausku, the Human Fighter, began the quest for the Orb.
     0 | D:1      | Reached XP level 1. HP: 18/18 MP: 1/1
    91 | D:1      | Reached XP level 2. HP: 20/24 MP: 2/2
  1196 | D:3      | Reached XP level 3. HP: 26/29 MP: 3/3
  1292 | D:3      | Reached skill level 4 in Axes
  1292 | D:3      | Reached XP level 4. HP: 16/35 MP: 4/4
  2059 | D:3      | Reached XP level 5. HP: 33/41 MP: 5/5
  2282 | D:3      | Reached skill level 5 in Axes
  2432 | D:3      | Found a shimmering altar of Xom.
  2446 | D:3      | Found a shadowy altar of Dithmenos.
  2704 | D:4      | Noticed a phantom
  2738 | D:4      | Noticed KarvaRausku's ghost (average HuFi)
  3061 | D:4      | Noticed a sky beast
  3455 | D:4      | Reached skill level 6 in Axes
  3455 | D:4      | Reached XP level 6. HP: 44/47 MP: 6/6
  3486 | D:4      | Noticed an ogre
  3836 | D:4      | Found a sacrificial altar of Ru.
  3871 | D:4      | Found a white marble altar of Elyvilon.
  3987 | D:4      | Killed an ogre
  4282 | D:4      | Reached XP level 7. HP: 52/52 MP: 7/7
  4285 | D:4      | Reached skill level 7 in Axes
  4380 | D:4      | Killed a sky beast
  4610 | D:5      | Entered Level 5 of the Dungeon
  4615 | D:5      | Reached skill level 8 in Axes
  4616 | D:5      | Reached XP level 8. HP: 30/58 MP: 8/8
  4718 | D:5      | Reached skill level 9 in Axes
  5133 | D:5      | Noticed Blork the orc
  5331 | D:5      | Killed Blork the orc
  5331 | D:5      | Reached skill level 10 in Axes
  5854 | D:5      | Gained mutation: Your system is resistant to poisons. [potion of beneficial mutation]
  5865 | D:5      | Killed from afar by an orc priest

Action                   |  1- 3 |  4- 6 |  7- 9 || total
-------------------------+-------+-------+-------++-------
Melee: War axe           |    88 |   235 |   212 ||   535
Evoke: Wand              |       |     2 |     1 ||     3
  Use: Potion            |       |     2 |     2 ||     4
       Scroll            |       |     1 |     4 ||     5
 Stab: Confused          |       |     1 |       ||     1
  Eat: Chunk             |     1 |     5 |     5 ||    11
       Meat ration       |       |     1 |       ||     1
